 Dungeon Crawl Stone Soup version 0.26-a0-854-gdc81c2f471 (webtiles) character file.

Game seed: 10327416847567175403

49336 Decritt the Zephyrmancer (level 14, -9/80 HPs)
             Began as a Tengu Air Elementalist on Nov 23, 2020.
             Was a High Priest of Vehumet.
             Mangled by a death yak (17 damage)
             ... on level 6 of the Lair of Beasts on Nov 24, 2020.
             The game lasted 02:19:27 (35872 turns).

Decritt the Zephyrmancer (Tengu Air Elementalist)  Turns: 35872, Time: 02:19:28

Health: -9/80      AC:  9    Str: 10    XL:     14   Next: 50%
Magic:  16/38      EV: 25    Int: 23    God:    Vehumet [*****.]
Gold:   1194       SH:  8    Dex: 15    Spells: 12/33 levels left

rFire    + . .     SeeInvis .   Q - +4 hunting sling of Conservatism {vorpal, rF+ Int+4}
rCold    . . .     Faith    .   h - +3 buckler
rNeg     . . .     Spirit   .   K - +3 leather armour {MR+}
rPois    +         Reflect  .   (helmet restricted)
rElec    .         Harm     .   b - +0 cloak
rCorr    .         Rampage  .   E - +1 pair of gloves
MR       ++...                  (boots unavailable)
Stlth    ++........             j - amulet of the acrobat
HPRegen  0.23/turn              p - ring of poison resistance
MPRegen  0.26/turn              k - ring of magical power

@: flying quickly and evasively, quick
A: beak, talons 3, able to fly
a: Stop Flying, Renounce Religion


You were on level 6 of the Lair of Beasts.
You worshipped Vehumet.
Vehumet was extremely pleased with you.
You visited 3 branches of the dungeon, and saw 19 of its levels.

You collected 1194 gold pieces.

Inventory:

Hand Weapons
 z - the +0 quarterstaff "Numikkuuwk" {speed, rC++}
   (You found it on level 4 of the Dungeon)

   Attacks with this weapon are significantly faster.
   It greatly protects you from cold.
 Q - the +4 hunting sling of Conservatism (weapon) {vorpal, rF+ Int+4}
   (You found it on level 8 of the Dungeon)

   Any stone fired from it inflicts extra damage.
   It affects your intelligence (+4).
   It protects you from fire.
Missiles
 i - 27 sling bullets (quivered)
 D - 21 stones
 M - 7 silver boomerangs
Armour
 b - a +0 cloak (worn)
 h - a +3 buckler (worn)
 E - a +1 pair of gloves (worn)
 K - a +3 leather armour of magic resistance (worn)
 R - a +2 robe of resistance
Magical Staves
 o - an uncursed staff of death
 I - an uncursed staff of poison
Jewellery
 c - an uncursed ring of protection from fire
 e - an uncursed amulet of regeneration
 j - an amulet of the acrobat (around neck)
 k - a ring of magical power (right hand)
 p - a ring of poison resistance (left hand)
 t - an uncursed ring of resist corrosion
 A - a +4 ring of protection
 G - an uncursed ring of wizardry
Wands
 m - a wand of paralysis (5)
 y - a wand of enslavement (8)
Scrolls
 a - 6 scrolls of remove curse
 d - 2 scrolls of blinking
 f - 4 scrolls of teleportation
 g - 4 scrolls of immolation
 r - a scroll of identify
 w - 5 scrolls of amnesia
 x - 2 scrolls of magic mapping
 J - 4 scrolls of enchant weapon
 L - a scroll of fog
 N - 3 scrolls of enchant armour
Potions
 l - 2 potions of might
 n - 5 potions of ambrosia
 q - a potion of cancellation
 s - a potion of brilliance
 u - 2 potions of resistance
 v - 7 potions of curing
 H - 2 potions of haste
Miscellaneous
 F - a box of beasts
 S - a lightning rod (4/4)


   Skills:
 + Level 6.7 Fighting
 - Level 1.0 Slings
 - Level 4.0 Armour
 * Level 14.2 Dodging
 - Level 2.0 Stealth
 - Level 4.0 Shields
 + Level 10.4 Spellcasting
 + Level 13.9 Conjurations
 - Level 1.0 Translocations
 + Level 14.3 Air Magic
 - Level 2.0 Poison Magic


You had 12 spell levels left.
You knew the following spells:

 Your Spells              Type           Power        Failure   Level
a - Airstrike             Air            ######....   1%          4
b - Static Discharge      Conj/Air       ######..     1%          3
c - Lightning Bolt        Conj/Air       ######....   1%          5
d - Shock                 Conj/Air       ####         0%          1
e - Mephitic Cloud        Conj/Pois/Air  ######..     1%          3
f - Ignite Poison         Fire/Tmut/Pois ###.....     4%          3
s - Blink                 Tloc           N/A          7%          2

Your spell library contained the following spells:

 Spells                   Type           Power        Failure   Level
 Lee's Rapid Deconstruct  Erth           ##........   43%         5
 Magic Dart               Conj           ####         0%          1
 Swiftness                Air            ######..     1%          2
 Conjure Flame            Conj/Fire      #####...     1%          3
 Apportation              Tloc           ###...       4%          1
 Animate Skeleton         Necr           ##....       7%          1
 Beastly Appendage        Tmut           ##....       7%          1
 Corona                   Hex            ##.....      7%          1
 Summon Small Mammal      Summ           ##..         7%          1
 Call Imp                 Summ           ##......     11%         2
 Slow                     Hex            ##......     11%         2
 Wereblood                Tmut           ##......     11%         2
 Spider Form              Tmut/Pois      ###.......   14%         3
 Ice Form                 Ice/Tmut       ##......     56%         4
 Blade Hands              Tmut           ##........   89%         5
 Tornado                  Air            ######....   99%         9
 Ignition                 Fire           ##........   100%        8
 Shatter                  Erth           ##........   100%        9


Dungeon Overview and Level Annotations

Branches:
Dungeon (12/15)            Temple (1/1) D:4            Lair (6/6) D:10
  Swamp (0/4) Lair:3        Snake (0/4) Lair:3          Orc (0/2) D:10
  Slime: Lair:5-6

Altars:
Ashenzari
Cheibriados
Dithmenos
Elyvilon
Fedhas
Gozag
Hepliaklqana
Kikubaaqudgha
Makhleb
Nemelex Xobeh
Okawaru
Qazlal
Ru
Sif Muna
Trog
Uskayaw
Vehumet
Wu Jian
Xom
Yredelemnul
Zin
The Shining One
Jiyva

Portals:
Bailey: D:12

Annotations:
D:6 3 runed translucent doors, Zing's ghost, amateur BaIE
D:8 Gastronok


Innate Abilities, Weirdness & Mutations

You have a beak for a mouth.
You have claws for feet.
You can fly continuously.


Message History

You are engulfed in calcifying dust.
The catoblepas gores you but does no damage.
The death yak gores you.
* * * LOW HITPOINT WARNING * * *
You turn to flesh and can move again.
The catoblepas completely misses you. The death yak gores you!
* * * LOW HITPOINT WARNING * * *
Unknown command.
You feel much better.
The catoblepas breathes a plume of calcifying dust at you.
The blast of calcifying dust hits you.
* * * LOW HITPOINT WARNING * * *
The death yak barely misses you.
Okay, then.
Press: ? - help, Dir - move target cursor, p - catoblepas
As you read the scroll of blinking, it crumbles to dust.
The catoblepas gores you!
* * * LOW HITPOINT WARNING * * *
The death yak gores you!
You die...

.................................
.................................
.....................§...........
.........Y..........§............
...<...............§.......#.....
..................§.....###.###..
.......8.........§......###..#.#.
8..............Y§........##......
.....8.........Y@........#.....#.
..8..^.........§§..§.§...#....##.
......8..................#.....##
##......###.............###......
#....Y.## ##.............##...#..
..###...## #.................[...
######...####....................
###.###...# #....................
#.....##Y.# #..............#+##.#


You could see a death yak, a catoblepas and a yak.

Vanquished Creatures
  Snorg (Lair:6)
  Josephine (D:11)
  Erolcha (D:11)
  6 hydras
  3 catoblepae
  2 two-headed ogres (D:9)
  4 death yaks
  An unseen horror (D:11)
  A lindwurm (Lair:6)
  A manticore (Lair:6)
  6 cane toads
  20 elephants
  4 torpor snails
  7 black mambas
  2 rime drakes
  5 komodo dragons
  A hornet (D:10)
  4 trolls
  2 polar bears
  12 blink frogs
  A slime creature (D:11)
  A tyrant leech (Lair:3)
  10 dream sheep
  5 wraiths (D:11)
  5 wyverns
  34 yaks
  A basilisk (Lair:6)
  A steam dragon (Lair:3)
  2 swamp worms (Lair:3)
  9 water moccasins
  9 orc warriors
  4 sky beasts
  4 ogres
  5 ice beasts
  5 black bears
  A necrophage (D:11)
  39 wolves
  2 centaurs
  12 bullfrogs
  A gnoll sergeant (D:6)
  A wyvern zombie (D:8)
  3 scorpions
  11 killer bees
  4 wights (D:11)
  An electric eel (Lair:4)
  3 howler monkeys
  2 bullfrog zombies
  A bullfrog skeleton (D:9)
  2 centaur zombies
  A centaur skeleton (D:5)
  5 jellies
  7 orc priests
  3 hounds
  An iguana (D:8)
  9 worker ants
  12 orc wizards
  5 hell rats (Lair:5)
  2 hound skeletons
  A hound zombie (D:10)
  A howler monkey zombie (D:9)
  2 worker ant zombies
  6 adders
  5 gnolls
  4 shadow imps
  4 white imps
  3 ufetubi
  3 oozes
  An adder zombie (D:7)
  An adder skeleton (D:6)
  4 worms
  2 dart slugs (D:1)
  6 leopard geckos
  50 orcs
  7 giant cockroaches
  6 goblins
  4 hobgoblins
  10 jackals
  5 kobolds
  5 quokkas
  3 ball pythons
  5 bats
  7 frilled lizards
  6 rats
459 creatures vanquished.

Vanquished Creatures (others)
  56 fungi
  60 plants
116 creatures vanquished.

Grand Total: 575 creatures vanquished

Notes
Turn   | Place    | Note
-------+----------+-------------------------------------------
     0 | D:1      | Decritt the Tengu Air Elementalist began the quest for the
                  | Orb.
     0 | D:1      | Reached XP level 1. HP: 10/10 MP: 4/4
   184 | D:1      | Reached XP level 2. HP: 15/15 MP: 1/6
   639 | D:1      | Reached XP level 3. HP: 18/20 MP: 7/7
   808 | D:1      | Learned a level 2 spell: Swiftness
  1730 | D:2      | Reached XP level 4. HP: 13/24 MP: 0/8
  2258 | D:2      | Found a broken altar of Ashenzari.
  4276 | D:4      | Reached skill level 5 in Air Magic
  4314 | D:4      | Found a staircase to the Ecumenical Temple.
  4324 | Temple   | Entered the Ecumenical Temple
  4326 | Temple   | Gained mutation: You can fly continuously. [Tengu growth]
  4326 | Temple   | Reached XP level 5. HP: 28/28 MP: 10/10
  4591 | Temple   | Became a worshipper of Vehumet
  4596 | Temple   | Learned a level 3 spell: Static Discharge
  4612 | Temple   | Reached skill level 1 in Fighting
  4879 | D:4      | Reached skill level 1 in Shields
  5592 | D:4      | Got a steaming quarterstaff
  5592 | D:4      | Identified the cursed +0 quarterstaff "Numikkuuwk" {speed,
                  | rC++} (You found it on level 4 of the Dungeon)
  5669 | D:5      | Entered Level 5 of the Dungeon
  5676 | D:5      | Reached XP level 6. HP: 30/34 MP: 6/11
  6152 | D:5      | Noticed an ice beast
  6193 | D:5      | Reached XP level 7. HP: 32/39 MP: 3/13
  6495 | D:4      | Learned a level 4 spell: Airstrike
  6507 | D:5      | Reached * piety under Vehumet
  6507 | D:5      | Offered knowledge of Sandblast by Vehumet.
  7596 | D:6      | Identified the +9 whip of the Big Fish {chaos, Str+7}
  7597 | D:6      | Found a runed translucent gate.
  7598 | D:6      | Found a runed translucent gate.
  7598 | D:6      | Noticed Zing's ghost (amateur BaIE)
  7599 | D:6      | Found a runed translucent gate.
  7599 | D:6      | Noticed a kobold demonologist
  7625 | D:6      | Reached skill level 5 in Conjurations
  8783 | D:7      | Reached skill level 1 in Armour
  8783 | D:7      | Reached XP level 8. HP: 26/45 MP: 2/15
 12529 | D:7      | Reached XP level 9. HP: 50/50 MP: 7/17
 12690 | D:7      | Reached skill level 5 in Spellcasting
 13185 | D:7      | Learned a level 5 spell: Lightning Bolt
 13743 | D:7      | Noticed a troll
 13789 | D:7      | Killed a troll
 14068 | D:7      | Learned a level 3 spell: Mephitic Cloud
 14071 | D:7      | Learned a level 2 spell: Blink
 14141 | D:8      | Reached skill level 5 in Dodging
 14779 | D:8      | Got a smoking hunting sling
 14779 | D:8      | Identified the +4 hunting sling of Conservatism {vorpal,
                  | rF+ Int+4} (You found it on level 8 of the Dungeon)
 14843 | D:8      | Noticed Gastronok
 14849 | D:8      | Noticed a two-headed ogre
 14965 | D:9      | Reached skill level 1 in Poison Magic
 15094 | D:9      | Reached skill level 1 in Translocations
 15323 | D:9      | Reached XP level 10. HP: 56/56 MP: 6/19
 15917 | D:9      | Reached ** piety under Vehumet
 15919 | D:9      | Offered knowledge of Freeze by Vehumet.
 16328 | D:9      | Noticed a two-headed ogre
 16676 | D:9      | Killed a two-headed ogre
 16677 | D:9      | Reached skill level 1 in Slings
 17027 | D:9      | Found an ancient bone altar of Kikubaaqudgha.
 17028 | D:9      | Found a sparkling altar of Nemelex Xobeh.
 17132 | D:10     | Entered Level 10 of the Dungeon
 17536 | D:10     | Noticed a two-headed ogre
 17695 | D:9      | Killed a two-headed ogre
 17695 | D:9      | Offered knowledge of Frozen Ramparts by Vehumet.
 17696 | D:9      | Reached skill level 5 in Fighting
 17696 | D:9      | Reached skill level 10 in Air Magic
 17696 | D:9      | Reached XP level 11. HP: 31/63 MP: 1/22
 17937 | D:10     | Found a staircase to the Lair.
 18309 | D:10     | Reached *** piety under Vehumet
 18748 | D:10     | Found a staircase to the Orcish Mines.
 18801 | D:11     | Found a viscous altar of Jiyva.
 18956 | D:11     | Offered knowledge of Ignite Poison by Vehumet.
 18996 | D:11     | Learned a level 3 spell: Ignite Poison
 19154 | D:11     | Killed an unseen horror
 19176 | D:11     | Noticed a seven-headed hydra
 19469 | D:11     | Noticed Erolcha
 19478 | D:11     | Killed Erolcha
 19479 | D:11     | Reached skill level 10 in Conjurations
 20288 | D:11     | Reached **** piety under Vehumet
 20397 | D:11     | Noticed Josephine
 20406 | D:11     | Killed Josephine
 20407 | D:11     | Reached skill level 10 in Dodging
 20711 | D:11     | Killed a seven-headed hydra
 21012 | D:12     | Noticed a centaur warrior
 21015 | D:12     | Found a flagged portal.
 21278 | Lair:1   | Entered Level 1 of the Lair of Beasts
 21386 | Lair:1   | Reached XP level 12. HP: 64/68 MP: 3/24
 22781 | Lair:2   | Offered knowledge of Yara's Violent Unravelling by Vehumet.
 25678 | Lair:3   | You are sucked into a shaft and drop 2 floors!
 25679 | Lair:5   | Noticed a four-headed hydra
 25683 | Lair:5   | Killed a four-headed hydra
 25694 | Lair:5   | Noticed a four-headed hydra
 25747 | Lair:6   | Entered Level 6 of the Lair of Beasts
 25899 | Lair:5   | Noticed a five-headed hydra
 25904 | Lair:5   | Killed a five-headed hydra
 26175 | Lair:5   | Reached XP level 13. HP: 72/72 MP: 21/27
 27180 | Lair:3   | Found a staircase to the Snake Pit.
 27417 | Lair:3   | Reached ***** piety under Vehumet
 27422 | Lair:3   | Offered knowledge of Lee's Rapid Deconstruction by Vehumet.
 27798 | Lair:3   | Found a staircase to the Swamp.
 30086 | Lair:4   | Reached skill level 10 in Spellcasting
 31368 | Lair:5   | Reached XP level 14. HP: 80/80 MP: 6/29
 32967 | Lair:6   | Noticed Snorg
 32974 | Lair:6   | Killed Snorg
 35869 | Lair:6   | HP: 2/80 [death yak (16)]
 35872 | Lair:6   | Mangled by a death yak

Illustrated notes

Levels and vault maps discovered:
D:1:      nicolae_arrival_somewhat_less_tricky_arrival, layout_rooms
D:2:      layout_loops_ring, ashenzari_altar_1
D:3:      layout_rooms
D:4:      layout_rooms, minmay_temple_entry_mist
D:5:      layout_loops_corners, minivault_24,
          hangedman_abyss_or_decor_lesser_grid, grunt_ministairs_3
D:6:      layout_loops_corners, gammafunk_ghost_nasty_kobolds, st_stairs_8,
          grunt_decor_one_mirror, grunt_potential
D:7:      layout_gridville, minmay_puff
D:8:      layout_loops_ring, gammafunk_ghost_split, uniq_gastronok
D:9:      layout_roguey, gammafunk_temple_overflow_pools
D:10:     layout_cave_pools, lair_entry_dummy, david_orc_4
D:11:     layout_loops_ring, jiyva_altar_1, uniq_josephine, uniq_erolcha
D:12:     layout_gridville, enter_bailey_4, serial_shops,
          nicolae_shop_waterfront, uniq_frances
Temple:   regret_index_temple_chain_breaker
Lair:1:   layout_small_grid, grunt_forest_small_clearing_treed
Lair:2:   layout_roguey, grunt_megastairs_2
Lair:3:   layout_concentric_octagons, minmay_swamp_entry_worms,
          dummy_snake_entry, beast_lair_carwin_5, grunt_megastairs_3
Lair:4:   layout_cave_pods, serial_bayou_shore_a
Lair:5:   layout_regular_city
Lair:6:   evilmike_catoblepas_cave, layout_regular_city, slime_altar_1,
          uniq_snorg

Skill      XL: |  1  2  3  4  5  6  7  8  9 10 11 12 13 14 |
---------------+-------------------------------------------+-----
Conjurations   | 2 3 4 5 6 8 9 10 12 13 | 13.9
Air Magic      | 5 6 7 8 10 11 12 13 14 | 14.3
Fighting       | 1 2 3 5 6 |  6.7
Shields        | 1 2 3 4 |  4.0
Spellcasting   | 3 4 5 6 7 9 10 | 10.4
Dodging        | 3 4 6 8 10 12 13 14 | 14.2
Armour         | 1 2 3 4 |  4.0
Poison Magic   | 1 2 |  2.0
Translocations | 1 |  1.0
Slings         | 1 |  1.0
Stealth        | |  2.0

Action                   |  1- 3 |  4- 6 |  7- 9 | 10-12 | 13-15 || total
-------------------------+-------+-------+-------+-------+-------++-------
Melee: Whip              |    19 |       |       |       |       ||    19
       Kick              |    10 |    25 |    14 |       |       ||    49
       Short sword       |    18 |    25 |       |       |       ||    43
       Peck              |     4 |    13 |     8 |       |       ||    25
       Flail             |       |    49 |    42 |       |       ||    91
       Hand axe          |       |    11 |       |       |       ||    11
       Quarterstaff      |       |    10 |    26 |       |       ||    36
 Fire: Hunting sling     |       |       |    16 |   311 |   121 ||   448
Throw: Dart              |     6 |    26 |     3 |       |       ||    35
 Cast: Shock             |    72 |   103 |    36 |       |       ||   211
       Swiftness         |       |     1 |       |       |       ||     1
       Static Discharge  |       |     1 |    19 |    22 |     4 ||    46
       Airstrike         |       |       |   122 |   245 |   371 ||   738
       Mephitic Cloud    |       |       |     2 |     6 |    10 ||    18
       Lightning Bolt    |       |       |     1 |    18 |    13 ||    32
       Blink             |       |       |       |     2 |       ||     2
 Abil: Fly               |       |     1 |       |       |       ||     1
Evoke: Wand              |       |       |       |     2 |       ||     2
  Use: Scroll            |     5 |     5 |    15 |     9 |     8 ||    42
       Potion            |       |       |     1 |     6 |     2 ||     9
 Stab: Sleeping          |     2 |       |     1 |       |       ||     3
Armor: Robe              |     9 |    26 |    17 |       |       ||    52
       Leather armour    |       |       |     6 |    51 |    32 ||    89
       Troll leather arm |       |       |    11 |       |       ||    11
Dodge: Dodged            |    25 |    77 |   101 |   301 |   254 ||   758
Block: Buckler           |       |    23 |    41 |   146 |    96 ||   306

Table legend: (Time is in decaauts)
 A = Elapsed time spent in this place.
 B = Non-inter-level travel time spent in this place.
 C = Inter-level travel time spent in this place.
 D = Time resting spent in this place.
 E = Time spent auto-exploring this place.
 F = Levels seen in this place.
 G = Mean time per level.
                   A        B        C        D        E       F      G
               +--------+--------+--------+--------+--------+-----+--------+
         Total |  35044 |  34541 |    503 |  17692 |  11098 |  19 | 1844.4 |
       Dungeon |  20289 |  19883 |    406 |   9503 |   6927 |  12 | 1690.8 |
        Temple |    524 |    503 |     21 |    319 |    111 |   1 |  524.0 |
          Lair |  14230 |  14155 |     75 |   7870 |   4059 |   6 | 2371.7 |
               +--------+--------+--------+--------+--------+-----+--------+

Top non-repeatable levels by time:
     D:6: 2806 daAuts
  Lair:5: 2784 daAuts
  Lair:4: 2646 daAuts
     D:5: 2617 daAuts
  Lair:3: 2546 daAuts
  Lair:1: 2461 daAuts
     D:7: 2319 daAuts
     D:9: 2246 daAuts
  Lair:6: 2127 daAuts
    D:11: 2100 daAuts
     D:2: 1752 daAuts
  Lair:2: 1663 daAuts
    D:10: 1613 daAuts
     D:4: 1507 daAuts
     D:3: 1375 daAuts
